 Dungeon Crawl Stone Soup version 0.30-a0-358-g0d69a1922f (webtiles) character file.

Game seed: 7219865033844250650

96 freelancePsychic the Shooter (level 4, -3/26 HPs)
             Began as a Tengu Hexslinger on Nov 10, 2022.
             Was a Follower of Kikubaaqudgha.
             Killed from afar by an orc wizard (6 damage)
             ... with a magic dart
             ... on level 3 of the Dungeon.
             The game lasted 00:03:33 (1870 turns).

freelancePsychic the Shooter (Tengu Hexslinger)     Turns: 1870, Time: 00:03:34

Health: -3/26      AC:  2    Str: 10    XL:     4   Next: 67%
Magic:  6/6        EV: 12    Int: 13    God:    Kikubaaqudgha [*.....]
Gold:   114        SH:  0    Dex: 17    Spells: 4/5 levels left

rFire   . . .      SeeInvis +    a - +1 sling
rCold   . . .      Faith    .    (no shield)
rNeg    . . .      Spirit   .    c - +0 robe
rPois   .          Reflect  .    (helmet restricted)
rElec   .          Harm     .    (no cloak)
rCorr   .          Rampage  .    (no gloves)
Will    .....                    (boots unavailable)
Stlth   ++........               o - amulet of magic regeneration
HPRegen 0.24/turn                l - ring of see invisible
MPRegen 0.50/turn                (no ring)

@: invisible
A: beak, talons 3
a: Renounce Religion, Unearth Wretches


You were on level 3 of the Dungeon.
You worshipped Kikubaaqudgha.
Kikubaaqudgha was aware of your devotion.
You visited 1 branch of the dungeon, and saw 3 of its levels.

You collected 114 gold pieces.

Inventory:

Hand Weapons
 a - a +1 sling (weapon)
Armour
 c - a +0 robe (worn)
Jewellery
 l - a ring of see invisible (left hand)
 o - an amulet of magic regeneration (around neck)
Wands
 p - a wand of polymorph (11)
Scrolls
 b - a scroll of poison
Potions
 h - a potion of magic {unknown}
 j - a potion of curing {unknown}
 m - a potion of brilliance
 n - a potion of haste {unknown}


   Skills:
 + Level 2.2 Fighting
 - Level 3.4 Ranged Weapons
 - Level 2.1 Dodging
 - Level 2.0 Stealth
 - Level 1.0 Spellcasting
 - Level 2.1 Hexes
 + Level 1.1 Necromancy
 + Level 1.4 Air Magic


You had 4 spell levels left.
You knew the following spells:

 Your Spells              Type           Power      Damage    Failure   Level
a - Slow                  Hex            24%        N/A       12%         1

Your spell library contained the following spells:

 Spells                   Type           Power      Damage    Failure   Level
 Necrotise                Necr           12%        1d4       19%         1
 Ensorcelled Hibernation  Hex/Ice        6%         N/A       26%         2
 Sublimation of Blood     Necr           3%         N/A       26%         2
 Cigotuvi's Dreadful Rot  Necr/Pois/Air  4%         N/A       30%         2
 Inner Flame              Hex/Fire       3%         N/A       47%         3
 Portal Projectile        Hex/Tloc       6%         N/A       47%         3
 Spider Form              Tmut/Pois      0%         N/A       63%         3
 Cause Fear               Hex            3%         N/A       75%         4
 Anguish                  Hex/Necr       2%         N/A       82%         4
 Animate Dead             Necr           3%         N/A       87%         4


Dungeon Overview and Level Annotations

Branches:
Dungeon (3/15)

Altars:
Kikubaaqudgha


Innate Abilities, Weirdness & Mutations

You have a beak for a mouth.
You have claws for feet.


Message History

Kikubaaqudgha accepts your kill. The orc wizard casts a spell at you.
The puff of flame hits the orc priest.
The orc priest closely misses you.
Your Fighting skill increases to level 2!
Your Necromancy skill increases to level 1!
Your Air Magic skill increases to level 1!
Fire: a) +1 sling
Press: ? - help, Shift-Dir - straight line, f - orc priest
Aim: an orc priest, wielding a +0 morningstar (heavily wounded, wandering, unable to see you, hasn't noticed you, 60% to hit)
You shoot a sling bullet. The sling bullet hits the orc priest.
The orc priest is severely wounded.
The orc priest misses you.
Fire: a) +1 sling
Press: ? - help, Shift-Dir - straight line, f/p - orc priest
Aim: an orc priest, wielding a +0 morningstar (severely wounded, unable to see you, 60% to hit)
You shoot a sling bullet. The sling bullet hits the orc priest.
The orc priest is almost dead.
The orc priest misses you.
Fire: a) +1 sling
Press: ? - help, Shift-Dir - straight line, f/p - orc priest
Aim: an orc priest, wielding a +0 morningstar (almost dead, unable to see you, 60% to hit)
You shoot a sling bullet.
The sling bullet closely misses the orc priest.
The sling bullet hits the orc priest.
The orc priest is moderately wounded.
The orc wizard points at you and mumbles some strange words.
You resist with some effort.
The orc priest mumbles some strange prayers to Beogh against you.
Pain shoots through your body!
* * * LOW HITPOINT WARNING * * *
The orc wizard closely misses you.
Fire: a) +1 sling
Press: ? - help, Shift-Dir - straight line, f/p - orc priest
Aim: an orc priest, wielding a +0 morningstar (almost dead, unable to see you, 60% to hit)
You shoot a sling bullet.
The sling bullet completely misses the orc priest.
The orc wizard casts a spell at you. The magic dart hits you.
You die...
Kikubaaqudgha rasps: "You have failed me!
Welcome... death!"

,,,,,,,,,,,,,,,,,,******,,,,,****
,,****,********###***,*,,,,,,,*,*
,,,,********* *..#,*,,,,,,,,,,,,,
,*,,***,,,,,***#..,,,,,,,,,,,,,,,
,*,***,,._,,,**#.#,*,,,,,,,,,,,,,
,,,**,,⌠o.,*,,*#.##**,*,,,,,,,*,*
,,***,,,,#.,,,*#..##****,,,,,****
,,***,_,**#o_,*#...# **,,,** *
,,,,*,,,,*#..,*#@o.# *,,,,,* **
*,,,*,,*,,#..o##.o.# **,,,** *,
*,,,**,,,,#..'..o..# **,** **,
#,_,***,_,#..####..# *,,,***,,
#,,,,*,,,,#....†...# **,**,,,*
#,,*,,,⌠,,#######.#######,,****,*
#*,,,_,,,*#......).......,,,,,,,*
#**,,,,,**######.########********
# ***######.........#


You could see 2 orc priests and an orc wizard (invisible, unable to see you).

Vanquished Creatures
  An orc priest (D:3)
  An adder (D:3)
  2 worms (D:2)
  A dart slug (D:2)
  5 ball pythons
  5 bats
  6 endoplasms
  2 giant cockroaches (D:2)
  2 goblins
  4 hobgoblins
  3 jackals (D:1)
  4 quokkas
  3 frilled lizards
  5 kobolds
  2 rats (D:2)
46 creatures vanquished.

Notes
Turn   | Place    | Note
-------+----------+-------------------------------------------
     0 | D:1      | freelancePsychic the Tengu Hexslinger began the quest for
                  | the Orb.
     0 | D:1      | Reached XP level 1. HP: 12/12 MP: 3/3
    56 | D:1      | Reached XP level 2. HP: 16/16 MP: 4/4
   152 | D:1      | Reached skill level 1 in Stealth
   385 | D:1      | Reached skill level 3 in Ranged Weapons
   385 | D:1      | Reached XP level 3. HP: 20/20 MP: 5/5
  1574 | D:3      | Found a faded altar of an unknown god.
  1623 | D:3      | Prayed at the altar of an unknown god.
  1623 | D:3      | Became a worshipper of Kikubaaqudgha
  1623 | D:3      | Reached * piety under Kikubaaqudgha
  1623 | D:3      | Received a gift from Kikubaaqudgha
  1724 | D:3      | Reached XP level 4. HP: 8/26 MP: 6/6
  1867 | D:3      | Reached skill level 1 in Necromancy
  1867 | D:3      | Reached skill level 1 in Air Magic
  1870 | D:3      | Killed from afar by an orc wizard

Illustrated notes

Levels and vault maps discovered:
D:1:      dpeg_arrival_stone_temple_mockup, layout_basic, st_stairs_13
D:2:      layout_loops_cross, chequers_arboretum, kennysheep_pointless_box,
          kennysheep_decorative_pillar, hangedman_decor_diamond_cutter
D:3:      layout_basic, lemuel_coloured_pillars_altar,
          nicolae_overflow_hallway_of_the_gods,
          grunt_temple_overflow_bloody_war, nicolae_ecumenical_oubliette,
          minmay_splitting_lines, nicolae_figureground_sparkle

Skill      XL: |  1  2  3  4 |
---------------+-------------+-----
Stealth        | 1 2 |  2.0
Ranged Weapons | 3 |  3.4
Fighting       | 2 |  2.2
Necromancy     | 1 |  1.1
Air Magic      | 1 |  1.4
Dodging        | |  2.1
Spellcasting   | |  1.0
Hexes          | |  2.1

Action                   |  1- 3 |  4- 6 || total
-------------------------+-------+-------++-------
 Fire: Sling             |   153 |    19 ||   172
  Use: Scroll            |       |     5 ||     5
       Potion            |       |     3 ||     3
Armor: Robe              |    12 |       ||    12
Dodge: Dodged            |    45 |     6 ||    51

Table legend: (Time is in decaauts)
 A = Elapsed time spent in this place.
 B = Non-inter-level travel time spent in this place.
 C = Inter-level travel time spent in this place.
 D = Time resting spent in this place.
 E = Time spent auto-exploring this place.
 F = Levels seen in this place.
 G = Mean time per level.
                   A        B        C        D        E       F      G
               +--------+--------+--------+--------+--------+-----+--------+
         Total |   1912 |   1810 |    102 |      0 |   1465 |   3 |  637.3 |
       Dungeon |   1912 |   1810 |    102 |      0 |   1465 |   3 |  637.3 |
               +--------+--------+--------+--------+--------+-----+--------+

Top non-repeatable levels by time:
     D:2: 851 daAuts
     D:1: 809 daAuts
     D:3: 251 daAuts
